 Dungeon Crawl Stone Soup version 0.22.1-1-ga44c0e5 (webtiles) character file.

93 Lauz the Chopper (level 4, -4/32 HPs)
             Began as a Human Wanderer on Oct 30, 2018.
             Was a Follower of Elyvilon.
             Slain by a gnoll
             ... wielding a +0 club
              (7 damage)
             ... on level 4 of the Dungeon.
             The game lasted 00:05:33 (2034 turns).

Lauz the Chopper (Human Wanderer)                   Turns: 2034, Time: 00:05:33

Health: -4/32      AC:  5    Str: 13    XL:     4   Next: 92%
Magic:  4/5        EV: 10    Int: 13    God:    Elyvilon [*.....]
Gold:   62         SH:  0    Dex: 12    Spells: 5/5 levels left

rFire    . . .     SeeInvis .   a - +2 hand axe
rCold    . . .     Gourm    .   (no shield)
rNeg     . . .     Faith    .   b - +0 ring mail
rPois    .         Spirit   .   (no helmet)
rElec    .         Reflect  .   (no cloak)
rCorr    .         Harm     .   (no gloves)
MR       .....                  (no boots)
Stlth    +.........             (no amulet)
HPRegen  0.10/turn              (no ring)
MPRegen  0.09/turn              (no ring)

@: no status effects
A: no striking features
a: Lesser Healing, Divine Protection, Renounce Religion


You were on level 4 of the Dungeon.
You worshipped Elyvilon.
Elyvilon was aware of your devotion.
You were hungry.

You visited 1 branch of the dungeon, and saw 4 of its levels.

You collected 62 gold pieces.

Inventory:

Hand Weapons
 a - a +2 hand axe (weapon)
Armour
 b - a +0 ring mail (worn)
Jewellery
 j - a cursed ring of attention {unknown}
Scrolls
 c - 3 scrolls of teleportation
 f - a scroll of magic mapping {unknown}
 g - 3 scrolls of identify {unknown}
 h - a scroll of blinking {unknown}
 i - a scroll of immolation {unknown}
 m - a scroll of remove curse {unknown}
 n - a scroll of fear {unknown}
Potions
 e - a potion of heal wounds {unknown}
 k - a potion of invisibility {unknown}
 l - a potion of resistance
Comestibles
 d - 5 rations


   Skills:
 + Level 1.3 Fighting
 + Level 5.4 Axes
 - Level 1.0 Throwing
 + Level 1.0 Armour
 - Level 1.2 Dodging
   Level 1.0 Shields
 - Level 1.0 Spellcasting
   Level 2.0 Charms


You had 5 spell levels left.
You didn't know any spells.
Your spell library was empty.

Dungeon Overview and Level Annotations

Branches:
Dungeon (3/15)

Altars:
Elyvilon
Hepliaklqana
Vehumet
Yredelemnul


Message History

You hit the gnoll but do no damage.
A leopard gecko comes into view.
The gnoll barely misses you. The gnoll hits you.
You slash the gnoll!
You kill the gnoll!
Your Armour skill increases to level 1!
You hit the gnoll. You barely miss the gnoll.
The gnoll hits you with a whip of electrocution.
You are electrocuted!
The gnoll barely misses you.
You are healed.
You feel somewhat more hungry. The gnoll closely misses you. x2
You hit the gnoll.
The gnoll is moderately wounded.
You hit the gnoll. The gnoll hits you but does no damage.
You are electrocuted!
You hit the gnoll.
The gnoll is heavily wounded.
You closely miss the gnoll. The gnoll barely misses you.
The gnoll hits you with a whip of electrocution!
* * * LOW HITPOINT WARNING * * *
You fail to use your ability.
The gnoll hits you with a club!
You die...

## # ..#
#.##### ....
#.....# .....
#....g#......
#...g@.......
#...........#
#...l......>..
#....⌠.....>..
#.............
##.......#...#
#..._...##...
#.#...... ...


You could see 2 gnolls and a leopard gecko.

Vanquished Creatures
  Terence (D:2)
  A gnoll (D:4)
  An adder (D:2)
  An ooze (D:1)
  2 dart slugs (D:1)
  A leopard gecko (D:1)
  An orc (D:2)
  4 giant cockroaches (D:1)
  4 hobgoblins (D:1)
  2 jackals (D:2)
  A quokka (D:2)
  2 ball pythons (D:1)
  2 bats (D:1)
  5 frilled lizards (D:1)
  4 goblins (D:1)
  7 kobolds
  4 rats
43 creatures vanquished.

Notes
Turn   | Place    | Note
-------+----------+-------------------------------------------
     0 | D:1      | Lauz the Human Wanderer began the quest for the Orb.
     0 | D:1      | Lauz set off with: a +2 hand axe, a +0 ring mail, a scroll
                  | of teleportation, a ration
     0 | D:1      | Reached XP level 1. HP: 15/15 MP: 2/2
    43 | D:1      | Reached XP level 2. HP: 4/21 MP: 3/3
   374 | D:1      | Reached XP level 3. HP: 20/26 MP: 4/4
   862 | D:1      | Reached skill level 5 in Axes
  1216 | D:2      | Found a faded altar of an unknown god.
  1226 | D:2      | Reached XP level 4. HP: 22/32 MP: 5/5
  1485 | D:2      | Became a worshipper of Elyvilon the Healer
  1485 | D:2      | Reached * piety under Elyvilon
  1520 | D:2      | Noticed Terence
  1538 | D:2      | Killed Terence
  1538 | D:2      | Reached skill level 1 in Dodging
  1645 | D:2      | Found a hazy altar of Hepliaklqana.
  2027 | D:3      | You fall through a shaft!
  2027 | D:4      | Found a basalt altar of Yredelemnul.
  2027 | D:4      | Found a radiant altar of Vehumet.
  2030 | D:4      | Reached skill level 1 in Armour
  2034 | D:4      | Slain by a gnoll

Skill      XL: |  1  2  3  4 |
---------------+-------------+-----
Axes           | 5 |  5.4
Dodging        | 1 |  1.2
Armour         | 1 |  1.0
Fighting       | |  1.3
Throwing       | |  1.0
Shields        | |  1.0
Spellcasting   | |  1.0
Charms         | |  2.0

Action                   |  1- 3 |  4- 6 || total
-------------------------+-------+-------++-------
Melee: Hand axe          |    84 |    42 ||   126
Invok: Lesser Healing    |       |     1 ||     1
  Eat: Chunk             |       |     3 ||     3
Armor: Ring mail         |    39 |    10 ||    49
Dodge: Dodged            |    42 |    28 ||    70
